 Dungeon Crawl Stone Soup version 0.20-a0-495-g2241292 (webtiles) character file.

71 MackTheKnife the Skirmisher (level 4, -3/38 HPs)
             Began as a Barachian Berserker on Jan 19, 2017.
             Was a Believer of Trog.
             Killed by divine providence
             ... invoked by an orc priest
              (9 damage)
             ... on level 3 of the Dungeon.
             The game lasted 00:02:07 (1982 turns).

MackTheKnife the Skirmisher (Barachian Berserker)   Turns: 1982, Time: 00:02:08

Health: -3/38      AC:  6    Str: 15    XL:     4   Next: 24%
Magic:  4/4        EV: 10    Int:  5    God:    Trog [**....]
Gold:   113        SH:  0    Dex: 11    Spells: 3/3 levels left

rFire    . . .     SeeInvis .   a - +0 falchion
rCold    . . .     Gourm    .   o - +0 scale mail
rNeg     . . .     Faith    .   (no shield)
rPois    .         Spirit   .   (no helmet)
rElec    .         Reflect  .   (no cloak)
rCorr    .         Harm     .   (no gloves)
MR       .....                  (no boots)
Stlth    +.........             (no amulet)
Regen    0.2/turn               (no ring)
                                e - ring of stealth {Stlth+}

@: slow
A: swims, slowness 1, strong legs 1
a: Hop, Berserk, Trog's Hand, Burn Spellbooks, Renounce Religion


You were on level 3 of the Dungeon.
You worshipped Trog.
Trog was pleased with you.
You were not hungry.

You visited 1 branch of the dungeon, and saw 3 of its levels.

You collected 113 gold pieces.

Inventory:

Hand Weapons
 a - a +0 falchion (weapon)
 i - a +0 dagger of venom
   (You took it off a kobold on level 1 of the Dungeon)
Armour
 o - a +0 scale mail (worn)
   (You found it on level 2 of the Dungeon)
Jewellery
 e - a ring of stealth (left hand) {Stlth+}
   (You found it on level 1 of the Dungeon)
Scrolls
 b - 3 scrolls of identify {unknown}
 d - a scroll of recharging {unknown}
 f - a scroll of immolation {unknown}
 h - a scroll of amnesia {unknown}
 j - a scroll of remove curse {unknown}
 q - a scroll of fear {unknown}
Potions
 g - a potion of might {unknown}
 k - 3 potions of lignification {unknown}
 l - 3 potions of degeneration {unknown}
 n - 2 potions of berserk rage {unknown}
 p - a potion of curing {unknown}
Comestibles
 c - 3 bread rations {@e1}
 m - a royal jelly
 r - 3 chunks of flesh {@w0}


   Skills:
 + Level 4.7 Fighting
 + Level 4.1 Long Blades
 - Level 2.1 Armour
 - Level 2.0 Dodging


You had 3 spell levels left.
You didn't know any spells.

Dungeon Overview and Level Annotations

Branches:
Dungeon (3/15)

Altars:
Sif Muna


Innate Abilities, Weirdness & Mutations

You can swim through water.
You cover ground slowly.
You can hop short distances.


Message History

MASSIVE DAMAGE!!
You hit the orc but do no damage. The orc hits you but does no damage.
The orc misses you.
The hobgoblin hits you but does no damage.
You hit the orc. The orc hits you but does no damage. x2
The hobgoblin hits you but does no damage.
You hit the orc but do no damage. The orc hits you but does no damage.
The orc closely misses you.
You riposte.
You hit the orc.
You kill the orc!
Trog accepts your kill. The hobgoblin barely misses you.
The orc hits you with a dagger.
You take 2 damage, and have 24/38 hp.
You hit the orc. The hobgoblin closely misses you.
The orc hits you but does no damage.
You hit the orc but do no damage. The hobgoblin closely misses you.
The orc hits you with a dagger.
You take 2 damage, and have 22/38 hp.
You are too injured to fight recklessly!
You are too injured to fight recklessly!
You are too injured to fight recklessly!
You closely miss the orc.
The hobgoblin hits you but does no damage.
The orc hits you but does no damage.
You hit the orc but do no damage. The hobgoblin hits you with a club.
The orc closely misses you.
You take 1 damage, and have 21/38 hp.
You slash the orc!
You kill the orc!
Trog accepts your kill. The hobgoblin closely misses you.
You closely miss the hobgoblin. The hobgoblin barely misses you.
You hit the hobgoblin but do no damage. The hobgoblin closely misses you.
You barely miss the hobgoblin.
The hobgoblin hits you but does no damage.
You slash the hobgoblin!
You kill the hobgoblin!
Trog accepts your kill.
Things that are here:
a club; a hobgoblin corpse You butcher the hobgoblin corpse.
r - 4 chunks of flesh {@w0} You see here a club.
Eating one of 4 chunks of flesh {@w0}.
You eat one of the 4 chunks of flesh {@w0}.
You start resting.
Health restored: 38
There is a stone staircase leading down here.
You climb downwards.
There is a stone staircase leading up here.
You hit the orc priest. The goblin closely misses you.
The orc priest calls down the wrath of Beogh upon you.
Pain shoots through your body! The goblin closely misses you.
You riposte.
You closely miss the goblin.
You hit the orc priest but do no damage.
The orc priest completely misses you. The goblin barely misses you.
You take 3 damage, and have 35/38 hp.
You hit the orc priest. The orc priest closely misses you. The goblin hits you.
You take 3 damage, and have 32/38 hp.
You closely miss the orc priest. The orc priest hits you.
The goblin barely misses you.
You take 3 damage, and have 29/38 hp.
You hit the orc priest but do no damage.
The orc priest invokes the aid of Beogh against you.
Beogh smites you! The goblin barely misses you.
You riposte.
You slash the goblin!
You kill the goblin!
Trog accepts your kill.
You take 11 damage, and have 18/38 hp.
MASSIVE DAMAGE!!
You hit the orc priest.
The orc priest looks satisfied for a moment.
Your scale mail prevents you from hitting the orc priest.
The orc priest closely misses you.
You hit the orc priest but do no damage.
The orc priest hits you but does no damage. x2
You hit the orc priest. The orc priest misses you.
You riposte.
You completely miss the orc priest. You closely miss the orc priest.
The orc priest completely misses you.
You closely miss the orc priest. The orc priest hits you.
You take 3 damage, and have 15/38 hp.
You barely miss the orc priest. The orc priest hits you.
You take 2 damage, and have 13/38 hp.
You hit the orc priest but do no damage.
The orc priest barely misses you.
You riposte.
You hit the orc priest but do no damage.
You closely miss the orc priest. The orc priest hits you.
* * * LOW HITPOINT WARNING * * *
You take 5 damage, and have 8/38 hp.
You hit the orc priest but do no damage.
The orc priest hits you but does no damage.
You closely miss the orc priest. The orc priest hits you.
* * * LOW HITPOINT WARNING * * *
You take 2 damage, and have 6/38 hp.
You hit the orc priest. The orc priest completely misses you.
You closely miss the orc priest. The orc priest misses you.
You riposte.
You completely miss the orc priest.
You hit the orc priest but do no damage.
The orc priest invokes the aid of Beogh against you.
Beogh smites you!
You die...

... ......###
#(.##.......
#...#.....#
...#.!...# .
#..#....?# ...
#..#.....#
#...##.#.....##
#.....o†.......
####..@.#......
###..#......
#..# ..... #...
..... #..#.
.... ##.#......
.. .. #. .#.


You could see an orc priest.

Vanquished Creatures
  2 adders (D:2)
  An ooze (D:2)
  A leopard gecko (D:2)
  2 orcs (D:2)
  2 ball pythons (D:1)
  3 giant cockroaches
  7 goblins
  6 hobgoblins
  4 kobolds
  5 bats
  4 frilled lizards
  4 rats
41 creatures vanquished.

Notes
Turn   | Place    | Note
-------+----------+-------------------------------------------
     0 | D:1      | MackTheKnife the Barachian Berserker began the quest for the Orb.
     0 | D:1      | Reached XP level 1. HP: 18/18 MP: 1/1
    64 | D:1      | Reached XP level 2. HP: 14/24 MP: 2/2
   419 | D:1      | Reached skill level 4 in Fighting
   592 | D:2      | Reached XP level 3. HP: 27/30 MP: 3/3
  1133 | D:2      | Reached ** piety under Trog
  1160 | D:2      | Reached skill level 4 in Long Blades
  1483 | D:2      | Reached XP level 4. HP: 27/38 MP: 4/4
  1714 | D:2      | Found a deep blue altar of Sif Muna.
  1977 | D:3      | HP: 8/38 [orc priest (5)]
  1982 | D:3      | Killed from afar by an orc priest

Vault maps used:
D:1:      dpeg_arrival_leaves_temple_mockup
D:2:      led_sif_pool
D:3:      first_bread, ashenzari_altar_1

Skill      XL: |  1  2  3 |
---------------+----------+-----
Fighting       | 4 |  4.7
Long Blades    | 4 |  4.1
Armour         | |  2.1
Dodging        | |  2.0

Action                   |  1- 3 |  4- 6 || total
-------------------------+-------+-------++-------
Melee: Falchion          |   117 |    36 ||   153
       Dagger            |     5 |       ||     5
 Stab: Sleeping          |     4 |       ||     4
  Eat: Chunk             |     1 |     3 ||     4
Armor: Animal skin       |    20 |       ||    20
       Scale mail        |    11 |    13 ||    24
Dodge: Dodged            |    82 |    31 ||   113
       Rpst.: Falchion   |    26 |     8 ||    34

Vault maps used:
D:1:      dpeg_arrival_leaves_temple_mockup
D:2:      led_sif_pool
D:3:      first_bread, ashenzari_altar_1

Table legend:
 A = Turns spent in this place as a percentage of turns spent in the entire game.
 B = Non-inter-level travel turns spent in this place as a percentage of non-inter-level travel turns spent in the entire game.
 C = Inter-level travel turns spent in this place as a percentage of turns spent in this place.
 D = Turns resting spent in this place as a percentage of non-inter-level travel turns spent in this place.
 E = Turns spent auto-exploring this place as a percentage of non-inter-level travel turns spent in this place.
 F = Non-inter-level travel turns spent in this place divided by the number of levels of this place that you've seen.
                   A       B       C       D       E      F
               +-------+-------+-------+-------+-------+----------------------
         Total | 100.0 | 100.0 |   1.2 |   2.4 |   9.6 | 169.3
       Dungeon | 100.0 | 100.0 |   1.2 |   2.4 |   9.6 | 169.3
               +-------+-------+-------+-------+-------+----------------------

Table legend:
 A = Kills in this place as a percentage of kills in entire the game.
 B = Kills by you in this place as a percentage of kills by you in the entire game.
 C = Kills by friends in this place as a percentage of kills by friends in the entire game.
 D = Other kills in this place as a percentage of other kills in the entire game.
 E = Experience gained in this place as a percentage of experience gained in the entire game.
 F = Experience gained in this place divided by the number of levels of this place that you have seen.
                   A       B       C       D       E      F
               +-------+-------+-------+-------+-------+----------------------
         Total | 100.0 | 100.0 |  -nan |  -nan | 100.0 |  34.0
       Dungeon | 100.0 | 100.0 |  -nan |  -nan | 100.0 |  34.0
               +-------+-------+-------+-------+-------+----------------------
